 Dungeon Crawl Stone Soup version 0.17-a0-1954-g0dddeaa (webtiles) character file.

2627 Ordine the Cruncher (level 9, 2/68 HPs)
             Began as a Minotaur Gladiator on Oct 4, 2015.
             Was an Elder of Okawaru.
             Quit the game on level 8 of the Dungeon.
             The game lasted 00:18:48 (5807 turns).

Ordine the Cruncher (Minotaur Gladiator)            Turns: 5807, Time: 00:18:48

Health: 2/68       AC: 14    Str: 19    XL:     9   Next: 34%
Magic:  8/8        EV:  7    Int:  5    God:    Okawaru [****..]
Gold:   419        SH:  0    Dex: 15    Spells: 0 memorised, 8 levels left

rFire  . . .     SeeInvis .     a - +1 quarterstaff (chaos)
rCold  + . .     Clarity  .     t - +0 plate armour
rNeg   . . .     SustAt   .     (no shield)
rPois  .         Gourm    .     c - +1 hat
rElec  .         Spirit   .     m - +0 cloak {MR+}
rCorr  .         Warding  .     (no gloves)
rMut   .         Stasis   .     o - +0 pair of boots
MR     +....                    y - amulet of rage
Stlth  ..........               (no ring)
                                h - ring of protection from cold

@: lethally poisoned (2 -> -2), somewhat resistant to hostile enchantments,
extremely unstealthy
A: retaliatory headbutt, horns 2
a: Heroism, Renounce Religion, Evoke Berserk Rage


You were on level 8 of the Dungeon.
You worshipped Okawaru.
Okawaru was greatly pleased with you.
You were not hungry.

You visited 1 branch of the dungeon, and saw 8 of its levels.

You collected 419 gold pieces.

Inventory:

Hand weapons
 a - a +1 quarterstaff of chaos (weapon)
 g - the +1 spear of Exquisite Death {drain, *Noise Str+4}
   (You found it on level 5 of the Dungeon)

   A truly terrible weapon, it drains the life of those it strikes.
   It affects your strength (+4).
   It may make noises in combat.
Missiles
 d - 2 throwing nets (quivered)
Armour
 c - a +1 hat (worn)
 m - a +0 cloak of magic resistance (worn)
 o - a +0 pair of boots (worn)
 t - a +0 plate armour (worn)
Jewellery
 h - a ring of protection from cold (left hand)
 j - an uncursed amulet of resist corrosion
 y - an amulet of rage (around neck)
Magical devices
 i - a wand of teleportation (4)
 r - a wand of slowing (21)
Scrolls
 l - 2 scrolls of blinking
 n - 2 scrolls of teleportation
 u - 3 scrolls of enchant armour
 F - a scroll of enchant weapon
Potions
 k - 2 potions of flight
 q - a potion of brilliance {unknown}
 s - a potion of invisibility {unknown}
 v - a potion of magic {unknown}
 w - a potion of berserk rage {unknown}
 z - a potion of heal wounds
 B - a potion of cancellation {unknown}
 D - 2 potions of cure mutation {unknown}
Comestibles
 b - 3 meat rations
 e - 3 bread rations
 f - 3 chunks of flesh
 p - a beef jerky
 A - 5 fruits
 E - a slice of pizza


   Skills:
 - Level 2.4 Fighting
 - Level 14.1 Staves
 - Level 2.0 Throwing
 + Level 3.1 Armour
 + Level 4.7 Dodging


You had 8 spell levels left.
You didn't know any spells.

Dungeon Overview and Level Annotations

Branches:
Dungeon (8/15)
 Temple: D:4-7         Lair: D:8-11

Altars:
Ashenzari
Makhleb
Nemelex Xobeh
Okawaru
Qazlal
Sif Muna
Trog
Xom


Innate Abilities, Weirdness & Mutations

You reflexively headbutt those who attack you in melee.
You have a pair of horns on your head.


Message History

* * * LOW HITPOINT WARNING * * *
The killer bee closely misses you.
The killer bee stings you but does no damage.
You feel sick. The killer bee barely misses you. You furiously retaliate!
You headbutt the killer bee. The killer bee stings you.
* * * LOW HITPOINT WARNING * * *
The killer bee zombie hits you but does no damage.
The killer bee stings you but does no damage. x2
The killer bee stings you but does no damage.
The killer bee zombie hits you but does no damage.
The killer bee stings you but does no damage.
You feel sick. The killer bee stings you.
* * * LOW HITPOINT WARNING * * *
The killer bee stings you.
* * * LOW HITPOINT WARNING * * *
The killer bee stings you but does no damage.
The killer bee zombie barely misses you.
You furiously retaliate!
You headbutt the killer bee zombie.
There is a stone staircase leading down, spattered with blood here.
Are you sure you want to abandon this character and quit the game? (Confirm with "yes".)

. #......### ..
#.........
#.####.......#
##............#
..............#
.#....<......#
.....g.g.y....+
....gg..yyZ...#
#....g..g@....#
#..#+###......#
#. ....#...# .
######<..# ...#
..# ... .#.


You could see a gnoll sergeant, 3 killer bees, 5 gnolls and a killer bee zombie.

Vanquished Creatures
  Grinder (D:5)
  Eustachio (D:4)
  A golden eye (D:6)
  A hippogriff (D:5)
  2 ice beasts
  2 ogres (D:6)
  A phantom (D:5)
  7 giant frogs
  A gnoll sergeant (D:5)
  2 killer bees (D:7)
  A scorpion (D:6)
  A water moccasin skeleton (D:6)
  3 wights (D:7)
  A crimson imp (D:5)
  5 centaur skeletons
  An orc priest (D:3)
  A giant frog skeleton (D:6)
  A hound (D:4)
  4 orc wizards
  3 iguanas
  A killer bee zombie (D:6)
  3 worker ants
  7 adders
  9 gnolls
  A shadow imp (D:6)
  2 adder zombies (D:6)
  2 adder skeletons
  13 orcs
  5 giant cockroaches
  4 goblins
  3 hobgoblins
  17 jackals
  13 kobolds
  5 ball pythons
  8 bats
  A giant gecko skeleton (D:4)
  6 giant newts
  A jackal skeleton (D:7)
  2 quokka skeletons
  A quokka zombie (D:6)
  6 rats
150 creatures vanquished.

Notes
Turn   | Place    | Note
--------------------------------------------------------------
     0 | D:1      | Ordine the Minotaur Gladiator began the quest for the Orb.
     0 | D:1      | Reached XP level 1. HP: 18/18 MP: 0/0
    98 | D:1      | Reached skill level 4 in Staves
   195 | D:1      | Reached XP level 2. HP: 25/25 MP: 1/1
   421 | D:1      | Reached skill level 5 in Staves
   650 | D:2      | Reached XP level 3. HP: 26/30 MP: 2/2
   682 | D:2      | Noticed an earth elemental
   685 | D:2      | Found a stormy altar of Qazlal.
   686 | D:2      | Noticed a fire elemental
   686 | D:2      | Noticed an air elemental
   686 | D:2      | Noticed a water elemental
  1138 | D:2      | Found a sparkling altar of Nemelex Xobeh.
  1209 | D:2      | Found a deep blue altar of Sif Muna.
  1211 | D:2      | Found an iron altar of Okawaru.
  1296 | D:2      | Reached XP level 4. HP: 37/37 MP: 3/3
  1389 | D:3      | Found a shimmering altar of Xom.
  1437 | D:2      | Became a worshipper of Warmaster Okawaru
  1455 | D:3      | Reached skill level 6 in Staves
  1664 | D:3      | Found a bloodstained altar of Trog.
  1779 | D:3      | Noticed an ice beast
  1791 | D:3      | Killed an ice beast
  1791 | D:3      | Reached skill level 7 in Staves
  1791 | D:3      | Reached XP level 5. HP: 17/42 MP: 4/4
  2063 | D:4      | Noticed Eustachio
  2073 | D:4      | Killed Eustachio
  2073 | D:4      | Acquired Okawaru's first power
  2073 | D:4      | Reached skill level 8 in Staves
  2073 | D:4      | Reached XP level 6. HP: 28/50 MP: 5/5
  2252 | D:4      | Reached skill level 9 in Staves
  3050 | D:4      | Reached XP level 7. HP: 45/56 MP: 6/6
  3141 | D:5      | Entered Level 5 of the Dungeon
  3160 | D:5      | Noticed Grinder
  3173 | D:5      | Killed Grinder
  3173 | D:5      | Reached skill level 10 in Staves
  3237 | D:5      | Found a shattered altar of Ashenzari.
  3457 | D:5      | Found a burning altar of Makhleb.
  3529 | D:5      | Reached skill level 11 in Staves
  4074 | D:5      | Reached XP level 8. HP: 11/62 MP: 7/7
  4085 | D:4      | HP: 1/62 [gnoll/club (5)]
  4772 | D:5      | Got a shimmering spear
  4773 | D:5      | Identified the cursed +1 spear of Exquisite Death {drain, *Noise Str+4} (You found it on level 5 of the Dungeon)
  4876 | D:6      | Reached skill level 12 in Staves
  5154 | D:6      | Reached skill level 13 in Staves
  5276 | D:6      | Reached XP level 9. HP: 55/68 MP: 8/8
  5380 | D:6      | Reached skill level 14 in Staves
  5640 | D:7      | Reached skill level 1 in Armour
  5801 | D:7      | HP: 2/68 [killer bee (3)]
  5806 | D:8      | HP: 2/68 [killer bee (3)]
  5807 | D:8      | Quit the game

Vault maps used:
D:1:      minmay_arrival_five_plusses, corexii_item_surrounded_by_moat,
          corner_web_ring, dk_noncrumbling_4
D:2:      nicolae_qazlal_style_of_elements, nicolae_overflow_hidden_temple
D:3:      lemuel_crystal_altar, nicolae_overflow_crystal_walls, first_bread
D:4:      uniq_eustachio
D:5:      cheibrodos_ashenzari_chains, kennysheep_mini_moat, uniq_grinder
D:6:      serial_undead, serial_undead_b, serial_undead_c, serial_undead_f,
          serial_undead_e
D:7:      lemuel_doored_altar, temple_statues, serial_shops, shop,
          grunt_livestock, interstate_on_off
D:8:      hangedman_cross_cluster, lemuel_round_altar, david_lair_shrubbed,
          serial_shops, shop, uniq_pikel

Action                   |  1- 3 |  4- 6 |  7- 9 || total
-------------------------+-------+-------+-------++-------
Melee: Quarterstaff      |    79 |    91 |   161 ||   331
       Spear             |       |       |   120 ||   120
Throw: Throwing net      |       |       |     1 ||     1
Evoke: Wand              |       |       |     1 ||     1
  Use: Scroll            |     6 |     5 |     4 ||    15
       Potion            |       |       |    10 ||    10
 Stab: Sleeping          |       |     2 |     1 ||     3
       Petrifying        |       |       |     3 ||     3
  Eat: Chunk             |     1 |     5 |     8 ||    14
       Fruit             |       |     1 |     1 ||     2
